 Dungeon Crawl Stone Soup version 0.22.1-1-ga44c0e56f4 (webtiles) character file.

123 Riddle the Skirmisher (level 4, 0/38 HPs)
             Began as a Mummy Chaos Knight on Sept 20, 2018.
             Slain by a giant cockroach (1 damage)
             ... on level 3 of the Dungeon.
             The game lasted 00:03:42 (1905 turns).

Riddle the Skirmisher (Mummy Chaos Knight)          Turns: 1905, Time: 00:03:43

Health: 0/38       AC:  7    Str: 16    XL:     4   Next: 80%
Magic:  4/4        EV: 11    Int: 11    God:    Xom [......]
Gold:   43         SH:  0    Dex: 11    Spells: 3/3 levels left

rFire    x . .     SeeInvis .   a - +0 short sword (chaos)
rCold    + . .     Gourm    .   (no shield)
rNeg     + + +     Faith    .   b - +2 leather armour
rPois    ∞         Spirit   .   e - +0 helmet
rElec    .         Reflect  .   d - +0 cloak
rCorr    .         Harm     .   (no gloves)
MR       .....                  (no boots)
Stlth    +.........             (no amulet)
HPRegen  0.12/turn              (no ring)
MPRegen  0.09/turn              (no ring)

@: no status effects
A: no food or potions, fire vulnerability, cold resistance 1, negative energy
resistance 3, torment resistance, unbreathing
a: Renounce Religion


You were on level 3 of the Dungeon.
You worshipped Xom.
You were a very special plaything of Xom.
You were not hungry.

You visited 1 branch of the dungeon, and saw 3 of its levels.

You collected 43 gold pieces.

Inventory:

Hand Weapons
 a - a +0 short sword of chaos (weapon)
Armour
 b - a +2 leather armour (worn)
 d - a +0 cloak (worn)
 e - a +0 helmet (worn)
 h - a +0 plate armour
 l - a +2 robe of the Archmagi
Scrolls
 c - a scroll of enchant armour {unknown}
 f - a scroll of blinking {unknown}
 g - a scroll of identify {unknown}
 i - a scroll of remove curse {unknown}
 j - 2 scrolls of amnesia {unknown}
 k - a scroll of magic mapping {unknown}


   Skills:
 + Level 4.4 Fighting
 + Level 3.6 Short Blades
 - Level 1.5 Armour
 - Level 0.7 Dodging


You had 3 spell levels left.
You didn't know any spells.
Your spell library was empty.

Dungeon Overview and Level Annotations

Branches:
Dungeon (3/15)

Altars:

Annotations:
D:2 Sigmund


Innate Abilities, Weirdness & Mutations

You do not eat or drink.
Your flesh is vulnerable to fire.
You are immune to poison.
Your flesh is cold resistant. (rC+)
You are immune to negative energy. (rN+++)
You are immune to unholy pain and torment.
You can survive without breathing.


Message History

* * * LOW HITPOINT WARNING * * *
You hit the adder.
The adder is almost dead.
The adder bites you but does no damage.
The giant cockroach bites you but does no damage.
You hit the adder but do no damage.
The adder is almost dead.
The adder bites you.
* * * LOW HITPOINT WARNING * * *
The giant cockroach waves its antennae.
The giant cockroach misses you. The adder bites you but does no damage.
You barely miss the adder.
The adder is almost dead.
The adder misses you.
You hit the adder.
You kill the adder!
The giant cockroach bites you.
You die... "It was about time."

..# .# #.# .# #.#
.# ###.###.#
#.....#.#####
#.###.#.#........
#...........#
####.#.#..##
#.@s.<.# ###.##.#
#..#.# ##....
...## ...# ....
..### ..#


You could see a giant cockroach.

Vanquished Creatures
  Jessica (D:2)
  Robin (D:1)
  2 gnolls (D:2)
  An adder (D:3)
  A leopard gecko (D:2)
  A ball python (D:1)
  2 bats (D:1)
  2 giant cockroaches (D:1)
  15 goblins
  13 hobgoblins
  3 jackals (D:1)
  4 frilled lizards (D:1)
  3 kobolds
  4 rats (D:1)
53 creatures vanquished.

Notes
Turn   | Place    | Note
-------+----------+-------------------------------------------
     0 | D:1      | Riddle the Mummy Chaos Knight began the quest for the Orb.
     0 | D:1      | Reached XP level 1. HP: 18/18 MP: 1/1
   142 | D:1      | XOM: harmless Ice miscast
   148 | D:1      | Reached XP level 2. HP: 23/24 MP: 2/2
   711 | D:1      | XOM: divination: magic mapping
   716 | D:1      | XOM: divination: magic mapping
   795 | D:1      | XOM: harmless Fire miscast
   801 | D:1      | Reached XP level 3. HP: 26/29 MP: 3/3
  1014 | D:2      | Noticed Sigmund
  1248 | D:2      | XOM: noise
  1262 | D:2      | XOM: confuse monster(s)
  1272 | D:2      | XOM: cast spell 'Shadow Creatures'
  1272 | D:2      | Noticed Robin
  1272 | D:2      | Noticed Jessica
  1275 | D:2      | XOM: divination: detect creatures
  1478 | D:1      | XOM: scenery: 2 doors close
  1742 | D:1      | Reached skill level 4 in Fighting
  1757 | D:1      | Killed Robin
  1757 | D:1      | Reached XP level 4. HP: 32/37 MP: 4/4
  1790 | D:1      | XOM: harmless Chrm miscast
  1798 | D:2      | Killed Jessica
  1854 | D:2      | XOM: medium Fire miscast
  1879 | D:3      | XOM: blink monster(s)
  1901 | D:3      | HP: 1/38 [adder (3)]
  1905 | D:3      | Slain by a giant cockroach

Skill      XL: |  1  2  3 |
---------------+----------+-----
Short Blades   | 3 |  3.6
Fighting       | 4 |  4.4
Armour         | |  1.5
Dodging        | |  0.7

Action                   |  1- 3 |  4- 6 || total
-------------------------+-------+-------++-------
Melee: Short sword       |   142 |    35 ||   177
 Stab: Paralysed         |     1 |       ||     1
Armor: Leather armour    |    56 |    26 ||    82
Dodge: Dodged            |    72 |    21 ||    93
